 Dungeon Crawl Stone Soup version 0.19-a0-1188-g4c2e17c (webtiles) character file.

1897 Elitist the Geomancer (level 8, 0/36 HPs)
             Began as a Deep Elf Earth Elementalist on Aug 17, 2016.
             Was a Priest of Okawaru.
             Slain by an ice beast (14 damage)
             ... on level 6 of the Dungeon on Aug 18, 2016.
             The game lasted 00:23:21 (7288 turns).

Elitist the Geomancer (Deep Elf Earth Elementalist) Turns: 7288, Time: 00:23:22

Health: 0/36       AC: 10    Str:  6    XL:     8   Next: 93%
Magic:  3/16       EV: 13    Int: 22    God:    Okawaru [***...]
Gold:   346        SH:  0    Dex: 15    Spells: 7 memorised, 2 levels left

rFire  . . .     SeeInvis .     a - +2 short sword (holy)
rCold  . . .     Gourm    .     u - +2 robe {MR+}
rNeg   . . .     Faith    .     (no shield)
rPois  .         Spirit   .     (no helmet)
rElec  .         Dismiss  .     (no cloak)
rCorr  .         Reflect  .     (no gloves)
MR     +....     Harm     .     p - +0 pair of boots
Stlth  ++++......               A - amulet of regeneration
                                D - +3 ring of protection
                                x - ring of stealth

@: repel missiles
A: yellow scales 1, frail 1, low mp 2, subdued magic 1
a: Heroism, Renounce Religion


You were on level 6 of the Dungeon.
You worshipped Okawaru.
Okawaru was most pleased with you.
You were not hungry.

You visited 1 branch of the dungeon, and saw 6 of its levels.

You collected 346 gold pieces.

Inventory:

Hand Weapons
 a - a +2 short sword of holy wrath (weapon)
 n - a +2 dagger of holy wrath
Missiles
 b - 19 stones
 B - a throwing net
 C - 7 tomahawks (quivered)
Armour
 p - a +0 pair of boots (worn)
 u - a +2 robe of magic resistance (worn)
Jewellery
 x - a ring of stealth (left hand)
 A - an amulet of regeneration (around neck)
 D - a +3 ring of protection (right hand)
 G - an uncursed ring of fire
 L - an uncursed ring of wizardry {unknown}
Wands
 I - a wand of disintegration (12/24)
Scrolls
 f - 2 scrolls of identify
 g - a scroll of enchant armour {unknown}
 i - a scroll of blinking {unknown}
 k - 5 scrolls of teleportation
 m - 2 scrolls of remove curse {unknown}
 q - a scroll of magic mapping {unknown}
 t - a scroll of enchant weapon {unknown}
 v - 3 scrolls of amnesia {unknown}
 y - 2 scrolls of fog {unknown}
 E - a scroll of noise {unknown}
Potions
 c - a potion of berserk rage
 h - 2 potions of curing
 j - 2 potions of cancellation
 l - a potion of resistance
 o - a potion of agility
 s - 2 potions of brilliance
 H - a potion of lignification
Books
 e - a book of Geomancy

   Spells                             Type                      Level
   a - Sandblast                      Earth                        1
   b - Passwall                       Transmutation/Earth          2
   c - Stone Arrow                    Conjuration/Earth            3
   d - Petrify                        Transmutation/Earth          4
   e - Lee's Rapid Deconstruction     Earth                        5
 F - a book of Air

   Spells                             Type                      Level
   a - Shock                          Conjuration/Air              1
   b - Swiftness                      Charms/Air                   2
   c - Repel Missiles                 Charms/Air                   2
   d - Static Discharge               Conjuration/Air              3
   e - Lightning Bolt                 Conjuration/Air              5
 K - a book of the Sky

   Spells                             Type                      Level
   a - Summon Lightning Spire         Summoning/Air                4
   b - Airstrike                      Air                          4
   c - Silence                        Hexes/Air                    5
   d - Deflect Missiles               Charms/Air                   6
   e - Conjure Ball Lightning         Conjuration/Air              6
   f - Tornado                        Air                          9
Comestibles
 d - 5 bread rations
 r - 2 meat rations
 w - 2 fruits
 z - a slice of pizza


   Skills:
 - Level 2.4 Dodging
 - Level 4.8 Stealth
 - Level 7.0 Spellcasting
 - Level 2.5 Conjurations
 + Level 4.4 Charms
 - Level 5.0 Transmutations
 * Level 9.2 Earth Magic


You had 2 spell levels left.
You knew the following spells:

 Your Spells              Type           Power        Failure   Level  Hunger
a - Sandblast             Erth           #####.       1%          1    None
b - Passwall              Tmut/Erth      ####......   1%          2    None
c - Stone Arrow           Conj/Erth      ####..       1%          3    None
d - Petrify               Tmut/Erth      ####....     4%          4    ###....
e - Lee's Rapid Deconstr  Erth           #####.....   4%          5    #####..
f - Repel Missiles        Chrm/Air       ##....       6%          2    None
g - Swiftness             Chrm/Air       ##......     6%          2    None


Dungeon Overview and Level Annotations

Branches:
Dungeon (6/15)
 Temple: D:4-7

Altars:
Dithmenos
Fedhas
Gozag
Okawaru
Ru
Zin


Innate Abilities, Weirdness & Mutations

You are partially covered in yellow scales. (AC +2)
You are frail. (-10% HP)
Your magical capacity is very low. (-20% MP)
Your spells are a little easier to cast, but a little less powerful.


Message History

The ice beast hits you but does no damage.
You hit the ice beast but do no damage.
You punch the ice beast, but do no damage.
The ice beast is moderately wounded.
The ice beast closely misses you.
Casting: Sandblast
Confirm with . or Enter, or press ? or * to list all spells.
You don't have enough magic to cast that spell.
You swing at nothing.
You hit the ice beast but do no damage.
The ice beast is moderately wounded.
The ice beast hits you. The ice beast freezes you!
You hit the ice beast but do no damage.
The ice beast is moderately wounded.
The ice beast hits you. The ice beast freezes you!
You hit the ice beast.
The ice beast is heavily wounded.
You feel like a meek peon again. The ice beast hits you.
The ice beast freezes you!
You die...

#####..... #......
#..$...... #...... #.......
#...... #...... #......
#....### ### ##.###.
#......#.#.###########.#...
#......?.#.............#...
#.#)########...############
#.#..<...Y@....# #
#.###.######...# # ..
#.######.### ####### ..
#.#........# #.....# ...
#.#........#####.....## ...
#.#....................
..#........#####.....##
###........# #.....#
#........# #.....#


You could see an ice beast.

Vanquished Creatures
  The ghost of Sonofthefire the Sneak, an amateur OpAs (D:3)
  2 water moccasins
  Duvessa (D:5)
  A sky beast (D:5)
  An ogre (D:4)
  2 giant frogs (D:6)
  Dowan (D:5)
  2 scorpions
  4 crimson imps
  2 centaur zombies
  3 hounds
  An orc priest (D:4)
  A wasp zombie (D:6)
  A giant frog skeleton (D:5)
  Jessica (D:2)
  3 orc wizards (D:4)
  Ijyb (D:2)
  Natasha (thrice) (D:2 D:3)
  7 worker ants
  A hound zombie (D:5)
  2 hound skeletons (D:4)
  3 gnolls (D:6)
  7 adders
  2 oozes
  An adder skeleton (D:4)
  An adder zombie (D:5)
  2 worms
  A dart slug (D:1)
  2 giant geckos
  12 orcs
  9 bats
  3 giant cockroaches
  10 goblins
  7 hobgoblins
  7 jackals
  3 quokkas
  A ball python (D:1)
  5 giant newts
  10 kobolds
  A quokka zombie (D:6)
  8 rats
136 creatures vanquished.

Notes
Turn   | Place    | Note
-------+----------+-------------------------------------------
     0 | D:1      | Elitist the Deep Elf Earth Elementalist began the quest for the Orb.
     0 | D:1      | Reached XP level 1. HP: 10/10 MP: 6/6
    48 | D:1      | Upgraded the game from 0.19-a0-1182-g094b998 to 0.19-a0-1188-g4c2e17c
   168 | D:1      | Reached XP level 2. HP: 12/15 MP: 5/8
   455 | D:1      | Reached skill level 4 in Earth Magic
   803 | D:2      | Reached XP level 3. HP: 18/19 MP: 7/9
   814 | D:2      | Found a glowing silver altar of Zin.
   884 | D:2      | Found an iron altar of Okawaru.
   915 | D:2      | Noticed Natasha
   938 | D:2      | Became a worshipper of Warmaster Okawaru
   959 | D:2      | Learned a level 2 spell: Passwall
   963 | D:2      | Learned a level 3 spell: Stone Arrow
   967 | D:2      | Killed Natasha
   973 | D:2      | Noticed Natasha
  1078 | D:2      | Killed Natasha
  1078 | D:2      | Reached XP level 4. HP: 17/24 MP: 8/11
  1175 | D:2      | Noticed Ijyb
  1206 | D:2      | Killed Ijyb
  1451 | D:2      | Noticed Jessica
  1507 | D:2      | Learned a level 4 spell: Petrify
  1722 | D:2      | Found a shadowy altar of Dithmenos.
  1727 | D:2      | Killed Jessica
  1727 | D:2      | Reached skill level 5 in Earth Magic
  2072 | D:2      | Reached XP level 5. HP: 28/28 MP: 13/13
  2289 | D:3      | Noticed Natasha
  2295 | D:3      | Killed Natasha
  2606 | D:3      | Reached skill level 1 in Conjurations
  2674 | D:3      | Noticed Sonofthefire's ghost (amateur OpAs)
  2698 | D:3      | Killed Sonofthefire's ghost
  2698 | D:3      | Reached * piety under Okawaru
  2698 | D:3      | Reached XP level 6. HP: 32/32 MP: 8/15
  2864 | D:3      | Found a blossoming altar of Fedhas.
  3380 | D:4      | Reached skill level 5 in Spellcasting
  3380 | D:4      | Reached skill level 6 in Earth Magic
  3388 | D:4      | Learned a level 5 spell: Lee's Rapid Deconstruction
  3465 | D:4      | Reached XP level 7. HP: 32/36 MP: 16/16
  3873 | D:4      | Reached ** piety under Okawaru
  4702 | D:4      | Learned a level 2 spell: Repel Missiles
  5004 | D:5      | Entered Level 5 of the Dungeon
  5004 | D:5      | Noticed Duvessa
  5006 | D:5      | Noticed Dowan
  5069 | D:5      | Killed Duvessa
  5071 | D:5      | Killed Dowan
  5074 | D:5      | Reached skill level 7 in Earth Magic
  5418 | D:5      | Reached XP level 8. HP: 31/41 MP: 12/20
  5517 | D:5      | Learned a level 2 spell: Swiftness
  5772 | D:5      | Found a sacrificial altar of Ru.
  5874 | D:5      | Reached skill level 1 in Charms
  5947 | D:5      | Gained mutation: You are frail. (-10% HP) [mutagenic meat]
  5950 | D:5      | Gained mutation: Your magical capacity is low. (-10% MP) [mutagenic meat]
  5953 | D:5      | Gained mutation: Your spells are a little easier to cast, but a little less powerful. [mutagenic meat]
  5956 | D:5      | Gained mutation: You are partially covered in yellow scales. (AC +2) [mutagenic meat]
  5959 | D:5      | Gained mutation: Your magical capacity is very low. (-20% MP) [mutagenic meat]
  6118 | D:5      | Reached skill level 8 in Earth Magic
  6793 | D:6      | Reached *** piety under Okawaru
  6817 | D:6      | Found an opulent altar of Gozag.
  6885 | D:6      | Reached skill level 5 in Transmutations
  6996 | D:6      | Reached skill level 9 in Earth Magic
  7288 | D:6      | Slain by an ice beast

Vault maps used:
D:1:      dpeg_arrival_chase
D:2:      grunt_dithmenos_smoke, zin_statuary, nicolae_overflow_crystal_walls,
          kennysheep_generic_room_15, uniq_iyjb, uniq_natasha, uniq_jessica
D:3:      lemuel_doored_altar
D:5:      nicolae_ru_awakened_eye, first_bread, lemuel_old_faithful,
          uniq_duvessa
D:6:      nicolae_overflow_hidden_temple, minitemple

Skill      XL: |  1  2  3  4  5  6  7  8 |
---------------+-------------------------+-----
Earth Magic    | 4 5 6 7 9 |  9.2
Stealth        | 3 4 |  4.8
Spellcasting   | 4 5 6 7 |  7.0
Conjurations   | 1 2 |  2.5
Transmutations | 2 3 5 |  5.0
Charms         | 4 |  4.4
Dodging        | |  2.4

Action                   |  1- 3 |  4- 6 |  7- 9 || total
-------------------------+-------+-------+-------++-------
Melee: Dagger            |    14 |     5 |     1 ||    20
       Short sword       |     1 |   109 |    74 ||   184
       Punch             |       |       |     1 ||     1
Throw: Tomahawk          |       |       |     2 ||     2
 Cast: Sandblast         |    33 |    27 |    87 ||   147
       Passwall          |     2 |     1 |     1 ||     4
       Stone Arrow       |       |     1 |    43 ||    44
       Repel Missiles    |       |       |     1 ||     1
Invok: Heroism           |       |       |     2 ||     2
  Use: Scroll            |       |       |     8 ||     8
       Potion            |       |       |     1 ||     1
 Stab: Sleeping          |     4 |    10 |     4 ||    18
  Eat: Chunk             |       |     8 |    15 ||    23
       Pizza             |       |       |     1 ||     1
Armor: Robe              |     4 |    29 |    46 ||    79
Dodge: Dodged            |    19 |    81 |    82 ||   182
